[Event "Polish Youth G18 Championship 2023"]
[Site "Jastrzebia Gora"]
[Date "2023.03.12"]
[Round "1.14"]
[White "Uliasz, Katarzyna"]
[Black "Gornisiewicz, Natalia"]
[Result "1-0"]
[ECO "C50"]
[WhiteElo "1670"]
[BlackElo "1287"]
[Annotator "NA RC COMBH"]
[PlyCount "101"]
[EventDate "2023.03.11"]
[EventType "swiss"]
[EventCountry "POL"]
[SourceTitle "playchess.com"]
[Source "ChessBase"]
[SourceQuality "1"]
[TimeControl "40/5400+30:1800+30"]

1. e4 e5 2. Nf3 Nc6 3. Bc4 Bc5 4. O-O d6 5. c3 Bg4 6. d3 h6 7. Nbd2 Qf6 8. b4 Bb6 9. a4 a6 10. a5 Ba7 11. b5 axb5 12. Bxb5 Nge7 13. a6 bxa6 14. Rxa6 Bd7 15. Qa4 O-O 16. d4 exd4 17. cxd4 Nb8 18. e5 Qe6 19. Bxd7 Qxd7 20. Qxd7 Nxd7 21. exd6 cxd6 22. Rxd6 Nf6 23. Ra6 Ned5 24. Nc4 Nc3 25. Be3 Ne2+ 26. Kh1 Rac8 27. Nd6 Rcd8 28. Nb7 Bxd4 29. Nxd4 Rxd4 30. Bxd4 Nxd4 31. h3 Rb8 32. Rd6 Rxb7 33. Rxd4 g6 34. Rc1 Kg7 35. g3 Ra7 36. Kg2 Ng8 37. Rc8 Ne7 38. Rc2 Nf5 39. Rdc4 g5 40. Rc7 Rxc7 41. Rxc7 Kg6 42. Kf3 h5 43. Rc5 Nh6 44. Ke4 g4 45. h4 f6 46. Kd5 Nf5 47. Ra5 Nh6 48. Ke6 f5 49. Ke5 Nf7+ 50. Kf4 Nh6 51. Ra6+ 1-0

[Event "Polish Youth G18 Championship 2023"]
[Site "Jastrzebia Gora"]
[Date "2023.03.12"]
[Round "1.15"]
[White "Olszewska, Wiktoria"]
[Black "Lochina, Justyna"]
[Result "0-1"]
[ECO "B44"]
[WhiteElo "1287"]
[BlackElo "1645"]
[Annotator "NA RC COMBH"]
[PlyCount "106"]
[EventDate "2023.03.11"]
[EventType "swiss"]
[EventCountry "POL"]
[SourceTitle "playchess.com"]
[Source "ChessBase"]
[SourceQuality "1"]
[TimeControl "40/5400+30:1800+30"]

1. e4 c5 2. Nf3 e6 3. d4 cxd4 4. Nxd4 Nc6 5. Be3 Nf6 6. Nc3 Bb4 7. f3 d5 8. Nxc6 bxc6 9. Qd3 O-O 10. O-O-O Qa5 11. Bd4 Nd7 12. a3 Be7 13. exd5 cxd5 14. Qe3 Re8 15. f4 Ba6 16. Qg3 Bf8 17. Bxa6 Qxa6 18. Rhf1 Rab8 19. Qf3 Rxb2 20. Nb1 Rb7 21. Rd3 Reb8 22. Nd2 g6 23. Re1 Bg7 24. Bxg7 Kxg7 25. Ree3 Nc5 26. Rc3 Qb6 27. Nb3 Nxb3+ 28. Rxb3 Qd6 29. g3 a5 30. Rxb7 Rxb7 31. Rb3 Rc7 32. Qd3 Qc5 33. Kb2 Rc6 34. Rc3 Qxc3+ 35. Qxc3+ Rxc3 36. Kxc3 Kf6 37. Kb3 Ke7 38. Ka4 Kd6 39. Kxa5 Kc5 40. a4 f6 41. Ka6 e5 42. Kb7 Kb4 43. Kb6 Kxa4 44. Kc5 e4 45. Kd4 Kb4 46. g4 f5 47. h3 h6 48. gxf5 gxf5 49. h4 h5 50. Kxd5 Kc3 51. Ke5 e3 52. Kxf5 e2 53. Kg5 e1=Q 0-1

[Event "Polish Youth G18 Championship 2023"]
[Site "Jastrzebia Gora"]
[Date "2023.03.12"]
[Round "1.16"]
[White "Bugaj, Hanna"]
[Black "Tittor, Weronika"]
[Result "1-0"]
[ECO "A04"]
[WhiteElo "1639"]
[BlackElo "1226"]
[Annotator "NA RC COMBH"]
[PlyCount "79"]
[EventDate "2023.03.11"]
[EventType "swiss"]
[EventCountry "POL"]
[SourceTitle "playchess.com"]
[Source "ChessBase"]
[SourceQuality "1"]
[TimeControl "40/5400+30:1800+30"]

1. Nf3 c5 2. g3 g6 3. Bg2 d5 4. O-O Bg7 5. c4 Nf6 6. cxd5 Nxd5 7. Nc3 Nc7 8. d3 O-O 9. Be3 Ne6 10. Qc2 Nd7 11. Rac1 Rb8 12. Rfd1 Nd4 13. Bxd4 cxd4 14. Ne4 b6 15. Qa4 a5 16. Nxd4 Nc5 17. Nxc5 Qxd4 18. Qxd4 Bxd4 19. Na4 Be6 20. e3 Bg7 21. b3 b5 22. Nc5 Bg4 23. Rd2 Rfd8 24. h3 Bf5 25. g4 Bd7 26. Nxd7 Rxd7 27. d4 e5 28. d5 f5 29. Rc5 Kf7 30. e4 fxe4 31. Bxe4 Bh6 32. Rdc2 Ke7 33. Rc6 a4 34. Re6+ Kf7 35. Rxe5 axb3 36. axb3 Ra8 37. Re6 Ra3 38. Rc3 Ra1+ 39. Kg2 Bg7 40. Rf3+ 1-0

[Event "Polish Youth G18 Championship 2023"]
[Site "Jastrzebia Gora"]
[Date "2023.03.12"]
[Round "1.17"]
[White "Bauer, Marika"]
[Black "Mroz, Lena"]
[Result "0-1"]
[ECO "B32"]
[WhiteElo "1183"]
[BlackElo "1635"]
[Annotator "NA RC COMBH"]
[PlyCount "68"]
[EventDate "2023.03.11"]
[EventType "swiss"]
[EventCountry "POL"]
[SourceTitle "playchess.com"]
[Source "ChessBase"]
[SourceQuality "1"]
[TimeControl "40/5400+30:1800+30"]

1. e4 c5 2. Nf3 Nc6 3. d4 cxd4 4. Nxd4 Qb6 5. Nb3 Nf6 6. Nc3 e6 7. Be3 Qc7 8. a3 a6 9. Be2 Be7 10. O-O O-O 11. Qd2 d6 12. Rfd1 b5 13. Nd4 Ne5 14. Rac1 Bb7 15. f3 Rfd8 16. Bd3 Rac8 17. Kh1 Nc4 18. Bxc4 Qxc4 19. Qd3 Qc7 20. Qd2 Nd7 21. Qf2 Ne5 22. Nb3 Nc4 23. Rb1 Nxb2 24. Nxb5 Nxd1 25. Rxd1 axb5 26. Bb6 Qb8 27. Bxd8 Bxd8 28. Qd2 d5 29. exd5 Bxd5 30. Nd4 Bf6 31. Qd3 Bxd4 32. Qxd4 Rxc2 33. Qh4 h6 34. Qb4 Bxf3 0-1

[Event "Polish Youth G18 Championship 2023"]
[Site "Jastrzebia Gora"]
[Date "2023.03.12"]
[Round "1.18"]
[White "Jedrzejko, Martyna"]
[Black "Lopusiewicz, Marta"]
[Result "1-0"]
[ECO "B19"]
[WhiteElo "1629"]
[BlackElo "1180"]
[Annotator "NA RC COMBH"]
[PlyCount "143"]
[EventDate "2023.03.11"]
[EventType "swiss"]
[EventCountry "POL"]
[SourceTitle "playchess.com"]
[Source "ChessBase"]
[SourceQuality "1"]
[TimeControl "40/5400+30:1800+30"]

1. e4 c6 2. d4 d5 3. Nd2 dxe4 4. Nxe4 Bf5 5. Ng3 Bg6 6. h4 h6 7. Nf3 Nd7 8. h5 Bh7 9. Bd3 Bxd3 10. Qxd3 e6 11. Bd2 Ngf6 12. O-O-O Be7 13. Kb1 O-O 14. Ne4 Nxe4 15. Qxe4 Nf6 16. Qe2 Qd5 17. Ne5 Qe4 18. Qd3 Rfd8 19. Be3 Bd6 20. f3 Qxd3 21. Nxd3 Nd5 22. Bf2 b5 23. Rhe1 a5 24. Ne5 Bxe5 25. dxe5 a4 26. a3 b4 27. axb4 Rdb8 28. Bc5 Nxb4 29. Rd4 Nd5 30. Kc1 Rb5 31. Ba3 c5 32. Rg4 Nb4 33. Ree4 Rab8 34. Rg3 Kh7 35. Rc4 Nc6 36. f4 Nb4 37. c3 Nd5 38. Rxa4 Ne7 39. Ra7 R8b7 40. Rxb7 Rxb7 41. Bxc5 Nf5 42. Rd3 g6 43. hxg6+ Kxg6 44. g4 Ng7 45. b4 h5 46. gxh5+ Nxh5 47. Be3 Kf5 48. Rd4 Ng3 49. Kb2 Nf1 50. Bf2 Nh2 51. Kc2 Nf3 52. Rc4 Kg4 53. Be3 Kf5 54. Kb3 Ne1 55. Ka4 Nd3 56. Ka5 Nb2 57. Rc6 Nd1 58. Bd4 Nb2 59. b5 Nd3 60. b6 Nxf4 61. Ka6 Rb8 62. b7 Nd5 63. Rc8 Rxb7 64. Kxb7 Kg6 65. c4 Ne7 66. Rd8 Kf5 67. c5 Nd5 68. c6 Ke4 69. c7 Nxc7 70. Kxc7 Kf5 71. Rd7 Kg6 72. Kd8 1-0

[Event "Polish Youth G18 Championship 2023"]
[Site "Jastrzebia Gora"]
[Date "2023.03.12"]
[Round "1.19"]
[White "Pietruszka, Julia"]
[Black "Skolska, Emilia"]
[Result "0-1"]
[ECO "C54"]
[WhiteElo "1151"]
[BlackElo "1586"]
[Annotator "NA RC COMBH"]
[PlyCount "78"]
[EventDate "2023.03.11"]
[EventType "swiss"]
[EventCountry "POL"]
[SourceTitle "playchess.com"]
[Source "ChessBase"]
[SourceQuality "1"]
[TimeControl "40/5400+30:1800+30"]

1. e4 e5 2. Nf3 Nc6 3. Bc4 Bc5 4. c3 Nf6 5. d4 exd4 6. cxd4 Bb4+ 7. Bd2 Bxd2+ 8. Nbxd2 d5 9. exd5 Nxd5 10. O-O O-O 11. Re1 Nce7 12. Rc1 c6 13. Nb3 Qb6 14. h3 Bf5 15. Ne5 Rad8 16. Bd3 Bxd3 17. Qxd3 Nf4 18. Qg3 Ned5 19. Nc4 Qc7 20. Ne3 Nxe3 21. Rxe3 Qd6 22. Re4 Ne6 23. Qxd6 Rxd6 24. Nc5 b6 25. Nxe6 fxe6 26. Rce1 Kf7 27. Rf4+ Ke7 28. Rxf8 Kxf8 29. Re4 Ke7 30. b4 Rd5 31. g4 a5 32. a3 axb4 33. axb4 Rb5 34. f4 Kd6 35. Re5 Rxb4 36. f5 exf5 37. Rxf5 Rxd4 38. Rf7 c5 39. Rxg7 c4 0-1

[Event "Polish Youth G18 Championship 2023"]
[Site "Jastrzebia Gora"]
[Date "2023.03.12"]
[Round "1.20"]
[White "Bialek, Alicja"]
[Black "Nagly, Malgorzata"]
[Result "1-0"]
[ECO "C00"]
[WhiteElo "1576"]
[BlackElo "1041"]
[Annotator "NA RC COMBH"]
[PlyCount "60"]
[EventDate "2023.03.11"]
[EventType "swiss"]
[EventCountry "POL"]
[SourceTitle "playchess.com"]
[Source "ChessBase"]
[SourceQuality "1"]
[TimeControl "40/5400+30:1800+30"]

1. e4 e6 2. d4 d5 3. Bd3 c5 4. exd5 exd5 5. Nf3 Nf6 6. O-O c4 7. Re1+ Be7 8. Bf1 O-O 9. b3 b5 10. Ne5 Re8 11. g3 Qb6 12. a4 Nc6 13. Nxc6 Qxc6 14. axb5 Qxb5 15. bxc4 dxc4 16. Nc3 Qb4 17. Bd2 Rd8 18. Bg2 Rb8 19. Nd5 Qb5 20. Nxe7+ Kf8 21. Nc6 Be6 22. Nxb8 Qxb8 23. c3 Qc7 24. Qa4 Nd7 25. Bf4 Qc8 26. Qxa7 Kg8 27. Bb7 Qxb7 28. Qxb7 Kf8 29. Bd6+ Kg8 30. Ra8 Rxa8 1-0